 Dungeon Crawl Stone Soup version 0.16.1-18-g436b03c (webtiles) character file.

35714 theElss the Basher (level 13, -9/127 HPs)
             Began as a Gargoyle Berserker on May 6, 2015.
             Was the Champion of Trog.
             Mangled by a death yak (16 damage)
             ... on level 4 of the Lair of Beasts.
             The game lasted 01:00:57 (18684 turns).

theElss the Basher (Gargoyle Berserker)            Turns: 18684, Time: 01:00:58

Health: -9/127     AC: 29    Str: 30    XL:     13   Next: 85%
Magic:  4/4        EV: 11    Int:  8    God:    Trog [******]
Gold:   977        SH:  0    Dex: 10    Spells: 0 memorised, 12 levels left

rFire  . . .     SeeInvis .     G - +5 great mace (antimagic)
rCold  + . .     Clarity  .     D - +0 plate armour
rNeg   + . .     SustAb   .     (no shield)
rPois  ∞         Gourm    .     (no helmet)
rElec  +         Spirit   .     W - +0 cloak
rCorr  .         Warding  .     r - +0 pair of gloves
rMut   +         Stasis   .     (no boots)
MR     .....                    o - amulet of resist mutation
Stlth  ..........               a - +2 ring of protection
                                N - ring of protection from cold

@: berserking, very quick, not resistant to hostile enchantments, extremely
unstealthy
A: negative energy resistance 1, electricity resistance, unbreathing,
petrification resistance, rot immunity, AC +9
a: Burn Spellbooks, Berserk, Trog's Hand, Brothers in Arms, Renounce Religion


You were on level 4 of the Lair of Beasts.
You worshipped Trog.
Trog was exalted by your worship.
You were hungry.

You visited 2 branches of the dungeon, and saw 14 of its levels.
You also visited: Ice Cave.

You collected 977 gold pieces.

Inventory:

Hand weapons
 u - a +1 whip of venom
 G - a +5 antimagic great mace (weapon)
 O - a +2 whip of freezing
Armour
 r - a +0 pair of gloves (worn)
 D - a +0 plate armour (worn)
 W - a +0 cloak (worn)
Jewellery
 a - a +2 ring of protection (right hand)
 k - an uncursed ring of ice {unknown}
 o - an amulet of resist mutation (around neck)
 s - an uncursed ring of protection from cold
 H - an uncursed ring of positive energy
 N - a ring of protection from cold (left hand)
 X - an uncursed ring of see invisible
Magical devices
 e - a wand of cold (6)
 i - a wand of frost (23)
 Y - a wand of fireball (6)
Scrolls
 d - 9 scrolls of remove curse
 j - a scroll of enchant weapon
 m - a scroll of fog
 x - 2 scrolls of summoning
 y - a scroll of blinking
 z - 7 scrolls of teleportation
 B - 4 scrolls of fear
 I - 2 scrolls of magic mapping
Potions
 b - 3 potions of invisibility
 h - 3 potions of haste
 l - 2 potions of lignification {unknown}
 p - 7 potions of curing {unknown}
 v - 7 potions of heal wounds {unknown}
 A - 4 potions of restore abilities {unknown}
 C - a potion of cure mutation {unknown}
 L - a potion of agility {unknown}
 M - 2 potions of degeneration {unknown}
 P - a potion of magic {unknown}
Miscellaneous
 f - a disc of storms
Comestibles
 c - 6 chunks of flesh
 g - a slice of pizza
 F - 11 fruits
 J - 7 meat rations


   Skills:
 + Level 11.9 Fighting
 * Level 14.6 Maces & Flails
 + Level 11.4 Armour
 + Level 9.2 Dodging


You had 12 spell levels left.
You didn't know any spells.

Dungeon Overview and Level Annotations

Branches:
Dungeon (10/15)            Temple (0/1) D:7            Lair (4/8) D:9
 Spider (0/5) Lair:4          Orc (0/4) D:10
  Swamp: Lair:3-6    Shoals: Lair:3-6

Altars:
Ashenzari
Cheibriados
Dithmenos
Gozag
Okawaru
Ru
Sif Muna
Trog
Vehumet
Yredelemnul
Zin
The Shining One


Innate Abilities, Weirdness & Mutations

You are resistant to torment.
You are immune to poison.
Your stone body is very resilient (AC +9).
You resist negative energy.
You are resistant to electric shocks.
You can survive without breathing.
You are immune to petrification.
You are immune to rotting.


Message History

Trog accepts your kill.
You sock the death yak!
The death yak is lightly wounded.
The death yak gores you!
* * * LOW HITPOINT WARNING * * *
You sock the death yak!
The death yak is moderately wounded.
You bludgeon the death yak!!
The death yak is severely wounded.
The death yak gores you!
* * * LOW HITPOINT WARNING * * *
You sock the death yak!
The death yak is almost dead.
The death yak gores you but does no damage.
You hit the death yak.
The death yak is almost dead.
You hit the death yak but do no damage.
The death yak is almost dead.
The death yak gores you!
You die...

......#..P..#.#.....###.#..)...#.
..............+.....^#.^.+.#.##..
#P.#.#.#P#.#P.............##.###.
###############..........##### ##
###.#.#P.#.# #### #####<.### #...
#P..# ##.. #####P..## #..
#####@#P###..### ##..
#.#.#.#.Y#.........## #...
#.Y.....Y+.)........####..
.....####..#...........###.. ##P#
##...........#..#... #
###.........#.###[.
#...........#....
.#.P####.P....+.. ######
#.#.###...


You could see 2 death yaks.

Vanquished Creatures
  Rupert (Lair:4)
  2 hydras
  4 death yaks
  Nergalle (D:10)
  Erolcha (D:9)
  3 ice statues (IceCv)
  Pikel (D:7)
  An unseen horror (D:10)
  A griffon (Lair:4)
  3 black mambas
  Joseph (D:7)
  A torpor snail (Lair:3)
  Psyche (D:9)
  9 spiny frogs
  6 fire drakes
  A komodo dragon (Lair:1)
  A queen bee (Lair:1)
  A jumping spider (Lair:4)
  A polar bear (Lair:4)
  Grinder (D:3)
  Prince Ribbit (D:8)
  12 blink frogs (Lair:3)
  8 basilisks
  8 yaks
  Eustachio (D:10)
  A human (D:7)
  A hungry ghost (D:9)
  4 wyverns
  A hog (D:7)
  11 hippogriffs
  7 porcupines
  The ghost of emiel the Vandal, an average HaAM of Okawaru (D:4)
  11 wolves
  8 water moccasins
  6 orc warriors
  A sky beast (D:7)
  20 ice beasts
  2 black bears
  6 ogres
  9 centaurs
  A swamp drake (D:10)
  A wasp (D:9)
  Duvessa (D:7)
  2 crocodiles (Lair:1)
  A big kobold (D:9)
  11 giant frogs
  Blork the orc (D:5)
  A water moccasin zombie (D:10)
  3 scorpions
  11 wights
  27 killer bees
  6 hounds
  Dowan (D:7)
  3 crimson imps
  3 giant frog zombies
  A gnoll shaman (D:9)
  2 goliath beetles
  A jelly (D:7)
  A quasit (D:10)
  9 iguanas
  3 giant frog skeletons
  10 orc priests
  8 orc wizards
  Natasha (D:3)
  10 worker ants
  A killer bee zombie (D:6)
  8 sheep
  Terence (D:2)
  2 hound skeletons
  9 gnolls
  20 river rats
  2 worker ant zombies (D:10)
  3 shadow imps
  19 adders
  A giant mite (D:10)
  A worm (D:4)
  2 adder skeletons
  5 giant geckos
  3 oozes
  46 orcs
  2 bat zombies (D:7)
  4 giant cockroaches
  11 goblins
  18 hobgoblins
  17 quokkas
  2 ball pythons
  14 bats
  A giant cockroach zombie (D:5)
  9 giant newts
  A giant spore (D:8)
  A goblin zombie (D:5)
  11 jackals
  26 kobolds
  19 rats
  A ballistomycete (D:8)
  A fungus (Lair:4)
540 creatures vanquished.

Vanquished Creatures (collateral kills)
  A wyvern (Lair:4)
1 creature vanquished.

Vanquished Creatures (others)
  A wizard (D:6)
  A deep elf mage (D:10)
  A fungus (Lair:4)
3 creatures vanquished.

Grand Total: 544 creatures vanquished

Notes
Turn   | Place    | Note
--------------------------------------------------------------
     0 | D:1      | theElss, the Gargoyle Berserker, began the quest for the Orb.
     0 | D:1      | Reached XP level 1. HP: 14/14 MP: 1/1
   292 | D:1      | Reached XP level 2. HP: 19/19 MP: 2/2
   774 | D:1      | Acquired Trog's second power
  1223 | D:2      | Reached XP level 3. HP: 23/23 MP: 3/3
  1434 | D:2      | Noticed Terence
  1444 | D:2      | Killed Terence
  1446 | D:2      | Reached XP level 4. HP: 28/28 MP: 4/4
  1819 | D:3      | Reached skill level 4 in Maces & Flails
  1879 | D:3      | Noticed Grinder
  2022 | D:3      | Killed Grinder
  2022 | D:3      | Reached XP level 5. HP: 33/33 MP: 5/5
  2022 | D:3      | Reached XP level 6. HP: 38/38 MP: 6/6
  2662 | D:3      | Noticed Natasha
  2670 | D:3      | Killed Natasha
  2670 | D:3      | Reached skill level 5 in Maces & Flails
  2831 | D:4      | Acquired Trog's third power
  2875 | D:4      | Reached XP level 7. HP: 10/44 MP: 7/7
  3080 | D:4      | Noticed emiel's ghost (average HaAM)
  3094 | D:5      | Entered Level 5 of the Dungeon
  3146 | D:4      | Killed emiel's ghost
  3233 | D:4      | Found an opulent altar of Gozag.
  3435 | D:4      | Got a faintly humming leather armour
  3755 | D:5      | Reached skill level 5 in Fighting
  3889 | D:5      | Reached skill level 6 in Maces & Flails
  4070 | D:5      | Found a basalt altar of Yredelemnul.
  4074 | D:5      | Found a deep blue altar of Sif Muna.
  4078 | D:5      | Reached XP level 8. HP: 45/49 MP: 8/8
  4079 | D:5      | Found a glowing golden altar of the Shining One.
  4080 | D:5      | Found a shadowy altar of Dithmenos.
  4081 | D:5      | Found an iron altar of Okawaru.
  4081 | D:5      | Found a radiant altar of Vehumet.
  4081 | D:5      | Found a snail-covered altar of Cheibriados.
  4081 | D:5      | Found a shattered altar of Ashenzari.
  4278 | D:5      | Noticed Blork the orc
  4296 | D:5      | Killed Blork the orc
  4347 | D:5      | Reached skill level 5 in Armour
  4479 | D:6      | Found a snail-covered altar of Cheibriados.
  4973 | D:6      | Reached skill level 7 in Maces & Flails
  5409 | D:6      | Found a sacrificial altar of Ru.
  5552 | D:6      | Reached XP level 9. HP: 10/55 MP: 9/9
  6139 | D:6      | Reached skill level 8 in Maces & Flails
  6308 | D:6      | Noticed Pikel
  6334 | D:6      | Found a bloodstained altar of Trog.
  6334 | D:6      | Noticed a wizard
  6341 | D:6      | Killed a wizard
  6389 | D:7      | Reached skill level 5 in Dodging
  6473 | D:7      | Noticed Duvessa
  6481 | D:7      | Noticed Dowan
  6481 | D:7      | Killed Duvessa
  6491 | D:7      | Killed Dowan
  7088 | D:7      | Found a staircase to the Ecumenical Temple.
  7599 | D:7      | Reached skill level 9 in Maces & Flails
  7718 | D:7      | Reached XP level 10. HP: 48/63 MP: 10/10
  7960 | D:7      | Noticed Joseph
  7978 | D:7      | Killed Joseph
  8221 | D:6      | Found a sacrificial altar of Ru.
  8221 | D:6      | Found a glowing silver altar of Zin.
  8238 | D:7      | Killed Pikel
  8283 | D:7      | Identified the cursed -2 leather armour "Voofef" {rElec rPois rC-} (You found it on level 4 of the Dungeon)
  8441 | D:8      | Noticed Prince Ribbit
  8452 | D:8      | Killed Prince Ribbit
  8526 | D:8      | Reached skill level 10 in Maces & Flails
 10299 | D:9      | Received a gift from Trog
 10409 | D:9      | Noticed Erolcha
 10421 | D:9      | Killed Erolcha
 10421 | D:9      | Reached XP level 11. HP: 53/69 MP: 3/11
 10572 | D:9      | Noticed Psyche
 10578 | D:9      | Paralysed by Psyche for 6 turns
 10587 | D:9      | Killed Psyche
 10746 | D:9      | Found a staircase to the Lair.
 10868 | D:10     | Entered Level 10 of the Dungeon
 10875 | D:9      | Reached skill level 11 in Maces & Flails
 11380 | D:10     | Killed an unseen horror
 11568 | D:10     | Noticed Nergalle
 12100 | D:10     | Killed Nergalle
 12307 | D:10     | Received a gift from Trog
 12333 | D:10     | Noticed Eustachio
 12339 | D:10     | Found a staircase to the Orcish Mines.
 12353 | D:10     | Killed Eustachio
 12579 | Lair:1   | Entered Level 1 of the Lair of Beasts
 13668 | Lair:1   | Received a gift from Trog
 13673 | Lair:1   | Reached skill level 12 in Maces & Flails
 14259 | Lair:2   | Noticed a four-headed hydra
 14267 | Lair:2   | Killed a four-headed hydra
 14267 | Lair:2   | Reached skill level 10 in Fighting
 14267 | Lair:2   | Reached XP level 12. HP: 77/77 MP: 4/12
 15322 | Lair:3   | Noticed a death yak
 15334 | Lair:3   | Killed a death yak
 15334 | Lair:3   | Reached skill level 10 in Armour
 15546 | Lair:3   | Found a frozen archway.
 15548 | Lair:3   | Reached skill level 13 in Maces & Flails
 15566 | Lair:3   | Received a gift from Trog
 15582 | IceCv    | Entered an ice cave
 16217 | Lair:3   | Reached XP level 13. HP: 43/84 MP: 4/13
 17454 | Lair:4   | Reached skill level 14 in Maces & Flails
 18303 | Lair:4   | Found a hole to the Spider Nest.
 18315 | Lair:4   | Noticed Rupert
 18334 | Lair:4   | Killed Rupert
 18681 | Lair:4   | HP: 6/127 [death yak (11)]
 18684 | Lair:4   | Mangled by a death yak

Action                   |  1- 3 |  4- 6 |  7- 9 | 10-12 | 13-15 || total
-------------------------+-------+-------+-------+-------+-------++-------
Melee: Mace              |   103 |     2 |       |       |       ||   105
       Flail             |       |   126 |       |       |       ||   126
       Whip              |       |    78 |   489 |   464 |       ||  1031
       Morningstar       |       |       |   113 |       |       ||   113
       Dire flail        |       |       |       |     5 |       ||     5
       Great mace        |       |       |       |   618 |   322 ||   940
Invok: Berserk           |     1 |     3 |     7 |    13 |     4 ||    28
       Brothers in Arms  |       |       |       |       |     1 ||     1
  Use: Scroll            |       |       |       |    11 |     4 ||    15
  Eat: Chunk             |     2 |     8 |    20 |    36 |     9 ||    75
       Pizza             |       |       |     1 |     1 |       ||     2
       Royal jelly       |       |       |     1 |       |       ||     1
       Beef jerky        |       |       |       |     1 |       ||     1
       Meat ration       |       |       |       |     1 |       ||     1
       Fruit             |       |       |       |     1 |       ||     1
